 Seeded DCSS version 0.30.1-11-g7821555f0a (webtiles) character file.

Game seed: 8617203140785432855 (custom seed)

7 Psyclone the Conjurer (level 1, -4/10 HPs)
             Began as a Deep Elf Conjurer on Nov 5, 2023.
             Frozen to death by an endoplasm (5 damage)
             ... on level 1 of the Dungeon.
             The game lasted 00:00:22 (1927 turns).

Psyclone the Conjurer (Deep Elf Conjurer)           Turns: 1927, Time: 00:00:22

Health: -4/10      AC:  2    Str:  4    XL:     1   Next: 83%
Magic:  6/6        EV: 12    Int: 22    God:
Gold:   0          SH:  0    Dex: 13    Spells: 5/6 levels left

rFire   . . .        (no weapon)
rCold   . . .        (no shield)
rNeg    . . .        a - +0 robe
rPois   .            (helmet restricted)
rElec   .            (no cloak)
rCorr   .            (no gloves)
SInv    .            d - +0 pair of boots
Will    .....        (no amulet)
Stlth   ++           (no ring)
HPRegen 0.21/turn    (no ring)
MPRegen 0.10/turn

%: no passive effects
@: unable to read
A: hooves 1, horns 1, deformed body, inability to read after injury 1
a: no special abilities


You were on level 1 of the Dungeon.
You visited 1 branch of the dungeon, and saw 1 of its levels.

Inventory:

Armour
 a - a +0 robe (worn)
 d - a +0 pair of boots (worn)
Potions
 b - a potion of magic


   Skills:
 + Level 2.4 Dodging
 - Level 2.4 Stealth
 - Level 3.0 Spellcasting
 + Level 4.8 Conjurations


You had 5 spell levels left.
You knew the following spells:

 Your Spells              Type           Power      Damage    Failure   Level
a - Magic Dart            Conj           96%        1d7       1%          1

Your spell library contained the following spells:

 Spells                   Type           Power      Damage    Failure   Level
 Searing Ray              Conj           48%        2d6       2%          2
 Dazzling Flash           Conj/Hex       26%        N/A       14%         3
 Fulminant Prism          Conj/Hex       6%         3d7       41%         4
 Iskenderun's Mystic Bla  Conj/Tloc      13%        2d5       41%         4


Dungeon Overview and Level Annotations

Branches:
Dungeon (1/15) Zot: 4072

Altars:


Innate Abilities, Weirdness & Mutations

You have large cloven feet.
You have a pair of small horns on your head.
Armour fits poorly on your strangely shaped body.
You occasionally lose the ability to read scrolls when taking damage.


Message History

Casting: Magic Dart (safe; 1% risk of failure)
Confirm with . or Enter, or press ? or * to list all spells.
You don't know that spell.
Unknown command.
You hit the quokka but do no damage. The quokka closely misses you.
The quokka bites you.
The quokka bites you but does no damage.
You aren't carrying any scrolls.
There are no items here.
You barely miss the quokka.
The quokka bites you but does no damage.
The quokka bites you.
You take 1 damage, and have 9/10 hp.
The quokka attacks as you move away! The quokka bites you.
Ouch! That really hurt!
The quokka barely misses you. The quokka barely misses you.
A bat comes into view.
The quokka barely misses you.
An endoplasm comes into view.
The bat barely misses you.
You hit the bat but do no damage. The bat hits you but does no damage.
The quokka closely misses you. The bat closely misses you.
You take 2 damage, and have 7/10 hp.
The quokka attacks as you move away! The quokka bites you.
* * * LOW HITPOINT WARNING * * *
The bat hits you.
* * * LOW HITPOINT WARNING * * *
The bat hits you but does no damage.
The endoplasm quivers.
The quokka barely misses you. The bat closely misses you.
You completely miss the endoplasm. The bat hits you.
* * * LOW HITPOINT WARNING * * *
The endoplasm freezes you.
You are frozen.
You feel threatened and lose the ability to read scrolls!
Ouch! That really hurt!
You die...

.........................
................##.......
................##.......
#...........^............
#...........##...........
............##...##......
......##r...##...##......
...... #b#####...........
.....# #@# #.......##..
..... #J....##.>....##..
..... ..................
.... ........##.........
.........##......###
..#.......#######..
...#.....### #+# ...
#.....#


You could see an endoplasm, a quokka and a bat.

Vanquished Creatures
  A dart slug (D:1)
  A bat (D:1)
  A giant cockroach (D:1)
  A hobgoblin (D:1)
4 creatures vanquished.

Notes
Turn   | Place    | Note
-------+----------+-------------------------------------------
     0 | D:1      | Psyclone the Deep Elf Conjurer began the quest for the Orb.
     0 | D:1      | Reached XP level 1. HP: 10/10 MP: 6/6
    79 | D:1      | Gained mutation: You have hidden genetic potential. [potion
                  | of mutation]
    79 | D:1      | Gained mutation: You have a pair of small horns on your
                  | head. [potion of mutation]
    79 | D:1      | Gained mutation: You have supernaturally acute eyesight.
                  | (SInv) [potion of mutation]
  1141 | D:1      | Lost mutation: You have hidden genetic potential. [potion
                  | of mutation]
  1141 | D:1      | Lost mutation: You have supernaturally acute eyesight.
                  | (SInv) [potion of mutation]
  1141 | D:1      | Gained mutation: Armour fits poorly on your strangely
                  | shaped body. [potion of mutation]
  1141 | D:1      | Gained mutation: You occasionally lose the ability to read
                  | scrolls when taking damage. [potion of mutation]
  1141 | D:1      | Gained mutation: You have large cloven feet. [potion of
                  | mutation]
  1927 | D:1      | Frozen to death by an endoplasm

Illustrated notes

Levels and vault maps discovered:
D:1:      dpeg_arrival_stonehenge_12_columns, layout_basic, serial_shops, shop

Action                     || total
---------------------------++-------
  Melee: Unarmed           ||     5
   Cast: Magic Dart        ||    10
    Use: Potion            ||     2
 Armour: Robe              ||    15
  Dodge: Dodged            ||    30
